 Dungeon Crawl Stone Soup version 0.31-a0-1074-g0b22e4e0f1 (webtiles) character file.

Game seed: 791658038613148382

361 bmb222 the Ruffian (level 6, -1/51 HPs)
             Began as a Naga Shapeshifter on Nov 29, 2023.
             Slain by Grinder (6 damage)
             ... while paralysed by Grinder
             ... on level 4 of the Dungeon.
             The game lasted 00:04:15 (3180 turns).

bmb222 the Ruffian (Naga Shapeshifter)              Turns: 3180, Time: 00:04:16

Health: -1/51      AC:  5    Str: 18    XL:     6   Next: 66%
Magic:  6/6        EV:  1    Int: 11    God:
Gold:   194        SH:  0    Dex: 10    Spells: 5/5 levels left

rFire   . .          .
                       - Unarmed
rCold   + . .        (no shield)
rNeg    . . .        n - +2 robe
rPois   +            (helmet currently unavailable)
rElec   .            (cloak currently unavailable)
rCorr   .            (gloves currently unavailable)
SInv    +            (no barding)
Will    .....        (no amulet)
Stlth   ++           o - ring of protection from cold
HPRegen 0.28/turn    (no ring)
MPRegen 0.10/turn

%: no passive effects
@: paralysed, beast-form, very slow
A: beast (slay +2), AC +2, large, see invisible, deformed body, poison
resistance, slowness 2, spit poison 1, naga tail 1
a: Spit Poison, Begin Untransformation


You were on level 4 of the Dungeon.
You were a hulking beast.
You visited 1 branch of the dungeon, and saw 4 of its levels.

You collected 194 gold pieces.

Inventory:

Hand Weapons
 m - a +6 club
Missiles
 r - 9 poisoned darts
Armour
 a - a +0 animal skin
 h - a +0 scale mail
 n - a +2 robe (worn)
 w - a +1 cloak
 x - a +0 helmet
Jewellery
 o - a ring of protection from cold (left hand)
Talismans
 c - a beast talisman
 d - a flux talisman
Wands
 v - a wand of charming (3)
Scrolls
 e - 2 scrolls of fear {unknown}
 p - 3 scrolls of identify {unknown}
 q - 2 scrolls of teleportation {unknown}
 s - a scroll of brand weapon {unknown}
 t - a scroll of butterflies {unknown}
 u - a scroll of silence {unknown}
Potions
 b - 2 potions of lignification
 f - a potion of degeneration {unknown}
 g - 2 potions of heal wounds {unknown}
 i - a potion of cancellation {unknown}
 j - 3 potions of brilliance {unknown}
 k - a potion of enlightenment {unknown}
 l - 2 potions of resistance {unknown}
 z - a potion of ambrosia {unknown}


   Skills:
 - Level 1.0 Fighting
 - Level 1.5 Dodging
 - Level 4.0 Stealth
 - Level 5.9 Unarmed Combat
 * Level 4.1 Shapeshifting


You had 5 spell levels left.
You didn't know any spells.
Your spell library was empty.

Dungeon Overview and Level Annotations

Branches:
Dungeon (4/15)
 Temple: D:4-7

Altars:
Ashenzari
Nemelex Xobeh

Annotations:
D:2 1 runed translucent door, Crazy Yiuf
D:4 Grinder


Innate Abilities, Weirdness & Mutations

You are a hulking beast.
Your limbs bulge with bestial killing power. (Slay +2)
Your serpentine skin is tough. (AC +2)
You have supernaturally acute eyesight. (SInv)
Armour fits poorly on your strangely shaped body.
Your system is resistant to poisons. (rPois)
You cover ground very slowly.
You can spit poison.
You have a snake-like lower body.


Message History

There is an open door here.
z - a smoky emerald potion
There is an open door here.
Grinder comes into view.
She is carrying a wand of flame.
Grinder is nearby!
Grinder is nearby!
You can't see any hostile targets in range.
The splash of poison hits Grinder.
Grinder is lightly wounded.
Grinder shouts!
Grinder zaps a wand.
The puff of flame hits you!
Grinder blinks!
You see here a green potion.
You have got your breath back.
Grinder hits you.
You writhe in agony.
Grinder barely misses you.
You barely miss Grinder.
Grinder is lightly wounded.
Grinder zaps a wand.
The puff of flame hits you!
You hit Grinder.
Grinder is lightly wounded.
Grinder closely misses you.
You hit Grinder.
Grinder is lightly wounded.
You closely miss Grinder.
Grinder is lightly wounded.
Grinder gestures at you.
You suddenly lose the ability to move!
Grinder gestures at you. Pain shoots through your body!
Grinder says, "Mostly I couldn't keep them alive."
Grinder hits you.
You writhe in agony.
Grinder zaps a wand.
The puff of flame hits you!
* * * LOW HITPOINT WARNING * * *
Grinder hits you.
* * * LOW HITPOINT WARNING * * *
Grinder hits you.
* * * LOW HITPOINT WARNING * * *
You writhe in agony.
You die...
Grinder says, "Now the real fun starts!"

#..........#
######.##### # #.#
##.# #.# .#. ##'##
#.. ##...## ..
##.....## .##
#.......#####..##
#..........5h!...#
+.................#
#..........###...##
##...####### ...#
##.. ....# ##.
##..# ..# #.#


You could see Grinder.

Vanquished Creatures
  A phantom (D:4)
  A scorpion (D:4)
  An orc priest (D:3)
  Jessica (D:2)
  An iguana (D:4)
  2 orc wizards (D:3)
  4 adders
  A gnoll (D:1)
  2 dart slugs
  4 orcs
  7 ball pythons
  5 bats
  5 endoplasms
  3 hobgoblins
  7 kobolds
  A frilled lizard (D:2)
  3 goblins (D:1)
  5 rats
54 creatures vanquished.

Notes
Turn   | Place    | Note
-------+----------+-------------------------------------------
     0 | D:1      | bmb222 the Naga Shapeshifter began the quest for the Orb.
     0 | D:1      | Reached XP level 1. HP: 18/18 MP: 1/1
   188 | D:1      | Reached skill level 1 in Stealth
   188 | D:1      | Reached XP level 2. HP: 25/25 MP: 2/2
   432 | D:1      | Reached XP level 3. HP: 23/31 MP: 3/3
   524 | D:1      | Reached skill level 4 in Unarmed Combat
   715 | D:2      | Found a faded altar of an unknown god.
  1017 | D:2      | Noticed Jessica
  1026 | D:2      | Killed Jessica
  1027 | D:2      | Reached XP level 4. HP: 25/38 MP: 4/4
  1546 | D:2      | Found a runed translucent door.
  1547 | D:2      | Noticed Crazy Yiuf
  1680 | D:3      | Reached skill level 5 in Unarmed Combat
  1680 | D:3      | Reached XP level 5. HP: 5/44 MP: 5/5
  2261 | D:3      | Found a sparkling altar of Nemelex Xobeh.
  2381 | D:4      | Found a broken altar of Ashenzari.
  2509 | D:4      | Reached XP level 6. HP: 39/51 MP: 6/6
  3165 | D:4      | Noticed Grinder
  3175 | D:4      | Paralysed by Grinder for 5 turns
  3180 | D:4      | Slain by Grinder

Illustrated notes

Levels and vault maps discovered:
D:1:      wander_arrival_lonely_grave, layout_loops_ring
D:2:      layout_basic, nicolae_ecumenical_oubliette, minmay_crystal_water,
          chequers_serial_rivers_small_b, st_stairs_6,
          hangedman_decor_clover_reticule, uniq_jessica, uniq_crazy_yiuf_cottage
D:3:      layout_rooms, mainiacjoe_overflow_catwalk
D:4:      layout_loops_corners, mainiacjoe_overflow_alcove_2,
          nicolae_shop_clearance, uniq_natasha, uniq_grinder

Skill      XL: |  1  2  3  4  5  6 |
---------------+-------------------+-----
Stealth        | 1 2 3 4 |  4.0
Unarmed Combat | 4 5 |  5.9
Shapeshifting  | 4 |  4.1
Fighting       | |  1.0
Dodging        | |  1.5

Action                     |  1- 3 |  4- 6 || total
---------------------------+-------+-------++-------
  Melee: Unarmed           |    51 |   104 ||   155
         Punch             |     1 |     2 ||     3
Ability: Spit Poison       |     6 |    23 ||    29
   Stab: Sleeping          |     2 |       ||     2
 Armour: Animal skin       |    26 |       ||    26
         Robe              |       |    67 ||    67
  Dodge: Dodged            |    15 |    39 ||    54

Table legend: (Time is in decaauts)
 A = Elapsed time spent in this place.
 B = Non-inter-level travel time spent in this place.
 C = Inter-level travel time spent in this place.
 D = Time resting spent in this place.
 E = Time spent auto-exploring this place.
 F = Levels seen in this place.
 G = Mean time per level.
                   A        B        C        D        E       F      G
               +--------+--------+--------+--------+--------+-----+--------+
         Total |   3921 |   3772 |    149 |    635 |   2569 |   4 |  980.2 |
       Dungeon |   3921 |   3772 |    149 |    635 |   2569 |   4 |  980.2 |
               +--------+--------+--------+--------+--------+-----+--------+

Top non-repeatable levels by time:
     D:2: 1054 daAuts
     D:1: 997 daAuts
     D:3: 954 daAuts
     D:4: 914 daAuts
